 Dungeon Crawl Stone Soup version 0.24.1-4-ge52af88ad5 (webtiles) character file.

Game seed: 1247316584874883531, levelgen mode: deterministic

3537 Amplified the Digger (level 9, -3/88 HPs)
             Began as a Troll Earth Elementalist on Apr 15, 2020.
             Was a Follower of Uskayaw.
             Slain by an orc warrior
             ... wielding a +0 glaive
              (27 damage)
             ... on level 7 of the Dungeon.
             The game lasted 00:10:17 (5931 turns).

Amplified the Digger (Troll Earth Elementalist)     Turns: 5931, Time: 00:10:18

Health: -3/88      AC:  6    Str: 24    XL:     9   Next: 82%
Magic:  6/11       EV:  8    Int: 11    God:    Uskayaw [*.....]
Gold:   339        SH: 10    Dex: 10    Spells: 7/10 levels left

rFire    . . .     SeeInvis .     - Unarmed
rCold    . . .     Gourm    +   p - +1 shield
rNeg     . . .     Faith    .   c - +0 robe
rPois    .         Spirit   .   (helmet restricted)
rElec    .         Reflect  .   (no cloak)
rCorr    .         Harm     .   (gloves unavailable)
MR       .....                  (boots unavailable)
Stlth    +.........             (no amulet)
HPRegen  0.64/turn              e - +3 ring of strength
MPRegen  0.12/turn              (no ring)

@: drained
A: large, unfitting armour, claws 3, fast metabolism 3, gourmand, regeneration
1, shaggy fur 1, tough skin 3
a: Stomp, Renounce Religion


You were on level 7 of the Dungeon.
You worshipped Uskayaw.
Uskayaw was noncommittal.
You were very full.

You visited 2 branches of the dungeon, and saw 8 of its levels.

You collected 339 gold pieces.

Inventory:

Missiles
 b - 261 stones (quivered)
 g - 3 curare-tipped darts
 n - 11 poisoned darts
Armour
 c - a +0 robe (worn)
 p - a +1 shield (worn)
Jewellery
 e - a +3 ring of strength (left claw)
 l - a cursed ring of attention
Wands
 m - a wand of polymorph (7)
 u - a wand of random effects (19)
 y - a wand of acid (5)
Scrolls
 h - 4 scrolls of remove curse
 j - 5 scrolls of identify
 r - 2 scrolls of teleportation
 v - 2 scrolls of magic mapping
 w - a scroll of enchant armour
Potions
 a - 2 potions of heal wounds
 f - 2 potions of flight
 i - a potion of brilliance
 k - a potion of agility {unknown}
 o - a potion of ambrosia
 q - 2 potions of curing
 s - a potion of magic
 t - 2 potions of might {unknown}
Comestibles
 d - 10 rations


   Skills:
 * Level 5.5(4.4) Fighting
 - Level 1.6(0.7) Armour
 - Level 2.5(1.5) Dodging
 - Level 1.0(0.0) Stealth
 * Level 5.2(4.1) Shields
 * Level 5.0(4.0) Unarmed Combat
 - Level 1.2(0.2) Spellcasting
 - Level 0.6(0.0) Transmutations
 * Level 6.9(5.8) Earth Magic
 * Level 4.1(3.0) Invocations


You had 7 spell levels left.
You knew the following spells:

 Your Spells              Type           Power        Failure   Level  Hunger
a - Sandblast             Erth           ##....       9%          1    ##.....
b - Passwall              Tmut/Erth      #.......     41%         2    ###....

Your spell library contained the following spells:

 Spells                   Type           Power        Failure   Level  Hunger
 Stone Arrow              Conj/Erth      #.....       65%         3    ####...
 Beastly Appendage        Tmut           #.....       69%         1    ##.....
 Sticks to Snakes         Tmut           #.......     83%         2    ###....
 Lee's Rapid Deconstruct  Erth           ##........   94%         5    ######.
 Spider Form              Tmut/Pois      #.........   96%         3    ####...
 Petrify                  Tmut/Erth      #.......     96%         4    #####..
 Ice Form                 Ice/Tmut       #.......     100%        4    #####..
 Blade Hands              Tmut           #.........   100%        5    ######.


Dungeon Overview and Level Annotations

Branches:
Dungeon (7/15)             Temple (1/1) D:5

Altars:
Ashenzari
Dithmenos
Fedhas
Gozag
Hepliaklqana
Kikubaaqudgha
Makhleb
Nemelex Xobeh
Okawaru
Qazlal
Sif Muna
Trog
Uskayaw
Wu Jian
Xom
Yredelemnul
Zin
The Shining One


Innate Abilities, Weirdness & Mutations

You are too large for most types of armour.
You have claws for hands.
Your metabolism is lightning-fast.
You like to eat raw meat.
Your natural rate of healing is unusually fast.
You are covered in fur. (AC +1)
You have extremely tough skin. (AC +3)


Message History

The orc warrior hits you from afar with a +0 glaive!
* * * LOW HITPOINT WARNING * * *
Evoke which item? (* to show all) (? for menu, Esc to quit)
Aiming: Corrosive Bolt
Press: ? - help, Shift-Dir - straight line, f - orc
Aim: an orc, wielding a +0 war axe (lightly wounded)
The bolt of acid misses the orc.
The bolt of acid hits the orc warrior.
The orc warrior is splashed with acid!
The acid corrodes the orc warrior!
The orc warrior is heavily wounded.
Unknown command.
Found a stone staircase leading down.
You stomp with the beat, sending a shockwave through the revelers around you!
You kill the orc!
You feel somewhat less full.
You can no longer stomp with the beat.
You block the orc warrior's attack.
You can now stomp with the beat.
There is a stone staircase leading down here.
The orc warrior hits you from afar with a +0 glaive!!
You die...

##.....## ### #.# ..
#.......## ##.###.# .#
.........####...##.#####..#...
.........'........)...........
.........####...##)#####.##...
#.......## ##.###.# #
##.....## ### #)# ##...##
###o# ##'## #@.#.# #.#
#....#.## #.# #.##.### ##.##
#. ### ###...## #. .#..>..# #.
.##...## # .###.#####
.###.##..#


You could see an orc warrior.

Vanquished Creatures
  A hippogriff (D:7)
  A hungry ghost (D:7)
  Menkaure (D:7)
  Duvessa (D:7)
  3 sky beasts
  An orc warrior (D:6)
  A phantom (D:6)
  2 centaurs
  6 ogres
  2 bullfrogs (D:6)
  A gnoll sergeant (D:7)
  4 scorpions
  Dowan (D:7)
  2 howler monkeys
  10 crimson imps
  An orc priest (D:6)
  A jelly (D:5)
  7 orc wizards
  2 bullfrog skeletons
  2 centaur skeletons (D:7)
  6 iguanas
  6 worker ants
  A hound skeleton (D:4)
  10 gnolls
  10 adders
  2 adder skeletons
  An adder zombie (D:5)
  A worm (D:5)
  3 dart slugs
  6 leopard geckos
  32 orcs
  2 ball pythons
  9 bats
  8 giant cockroaches
  8 goblins
  5 hobgoblins
  8 jackals
  8 kobolds
  A quokka (D:5)
  6 frilled lizards
  A jackal skeleton (D:4)
  2 leopard gecko skeletons
  A quokka zombie (D:6)
  5 rats
192 creatures vanquished.

Notes
Turn   | Place    | Note
-------+----------+-------------------------------------------
     0 | D:1      | Amplified the Troll Earth Elementalist began the quest for
                  | the Orb.
     0 | D:1      | Reached XP level 1. HP: 16/16 MP: 1/1
   186 | D:1      | Reached XP level 2. HP: 26/26 MP: 2/2
   824 | D:2      | Reached skill level 3 in Earth Magic
   853 | D:2      | Reached XP level 3. HP: 25/32 MP: 3/3
   884 | D:2      | Reached skill level 1 in Fighting
   884 | D:2      | Reached skill level 1 in Armour
  1221 | D:2      | Found a blossoming altar of Fedhas.
  1227 | D:2      | Found a stormy altar of Qazlal.
  1361 | D:2      | Found a sparkling altar of Nemelex Xobeh.
  1663 | D:3      | Reached XP level 4. HP: 38/41 MP: 4/4
  2049 | D:3      | Reached XP level 5. HP: 49/49 MP: 5/5
  2422 | D:4      | Reached skill level 1 in Shields
  2450 | D:4      | Reached XP level 6. HP: 56/58 MP: 6/6
  2559 | D:4      | Reached skill level 4 in Earth Magic
  2734 | D:4      | Reached XP level 7. HP: 67/67 MP: 7/7
  2832 | D:5      | Entered Level 5 of the Dungeon
  2893 | D:5      | Learned a level 2 spell: Passwall
  3002 | D:5      | Found a staircase to the Ecumenical Temple.
  3006 | Temple   | Entered the Ecumenical Temple
  3171 | Temple   | Became a worshipper of Uskayaw the Reveler
  3220 | D:5      | Reached * piety under Uskayaw
  3224 | D:5      | Reached skill level 5 in Earth Magic
  3224 | D:5      | Reached ** piety under Uskayaw
  3362 | D:5      | Reached skill level 1 in Unarmed Combat
  3711 | D:5      | Found a glowing golden altar of the Shining One.
  3747 | D:5      | Reached XP level 8. HP: 52/78 MP: 1/8
  3830 | D:5      | Reached skill level 1 in Invocations
  3833 | D:5      | Reached *** piety under Uskayaw
  4103 | D:5      | Found an ornate altar of the Wu Jian Council.
  4111 | D:5      | Found a shattered altar of Ashenzari.
  4114 | D:5      | Found a glowing silver altar of Zin.
  4247 | D:6      | Found a shimmering blue altar of Sif Muna.
  4349 | D:6      | Found an iron altar of Okawaru.
  4415 | D:6      | Reached skill level 6 in Earth Magic
  4676 | D:6      | Reached XP level 9. HP: 87/87 MP: 9/9
  4814 | D:6      | Reached **** piety under Uskayaw
  4861 | D:6      | Found a shadowy altar of Dithmenos.
  5008 | D:6      | Reached skill level 5 in Fighting
  5441 | D:7      | Noticed Dowan
  5442 | D:7      | Noticed Duvessa
  5452 | D:7      | Killed Dowan
  5465 | D:7      | Killed Duvessa
  5682 | D:7      | Reached skill level 5 in Shields
  5763 | D:7      | Noticed Menkaure
  5773 | D:7      | Killed Menkaure
  5773 | D:7      | Reached skill level 5 in Unarmed Combat
  5931 | D:7      | Slain by an orc warrior

Levels and vault maps discovered:
D:1:      dpeg_arrival_orchard, layout_basic
D:2:      layout_basic, grunt_temple_overflow_forces_of_nature,
          nemelex_altar_shiori
D:3:      layout_rooms
D:4:      layout_rooms, first_ration
D:5:      layout_cave_pods, grunt_temple_overflow_diamond, temple_hall_moat,
          basic_altar, nzn_random_ring
D:6:      layout_gridville, okawaru_altar_gauntlet_db,
          overflow_temple_1_default, lemuel_crystal_altar, minmay_holes
D:7:      layout_loops_corners, lemuel_round_altar, uniq_menkaure, uniq_duvessa
Temple:   compressed_dpeg_triangle_lava_temple

Skill      XL: |  1  2  3  4  5  6  7  8  9 |
---------------+----------------------------+-----
Dodging        | 2 |  2.5
Earth Magic    | 3 4 5 6 |  6.9
Fighting       | 1 2 3 4 5 |  5.5
Armour         | 1 |  1.6
Shields        | 1 2 3 4 5 |  5.2
Unarmed Combat | 1 3 5 |  5.0
Invocations    | 2 4 |  4.1
Stealth        | |  1.0
Spellcasting   | |  1.2
Transmutations | |  0.6

Action                   |  1- 3 |  4- 6 |  7- 9 || total
-------------------------+-------+-------+-------++-------
Melee: Unarmed           |    99 |   157 |   469 ||   725
Invok: Stomp             |       |       |    17 ||    17
       Line Pass         |       |       |     2 ||     2
Evoke: Wand              |       |       |     5 ||     5
  Use: Scroll            |     5 |     6 |     4 ||    15
 Stab: Sleeping          |     2 |       |     6 ||     8
       Paralysed         |       |       |     8 ||     8
       Confused          |       |       |     2 ||     2
  Eat: Chunk             |     8 |    19 |    42 ||    69
       Ration            |     1 |       |       ||     1
Armor: Robe              |    42 |    65 |   122 ||   229
Dodge: Dodged            |    54 |    86 |   139 ||   279
Block: Shield            |       |    36 |   254 ||   290
